 Dungeon Crawl Stone Soup version 0.24.0-123-gd5b16e6ec5 (webtiles) character file.

Game seed: 11789333507738218639, levelgen mode: deterministic

468 Hasart the Chiller (level 6, 0/41 HPs)
             Began as a Vampire Ice Elementalist on Jan 14, 2020.
             Slain by Duvessa
             ... wielding a +1 short sword of freezing
              (8 damage)
             ... on level 3 of the Dungeon.
             The game lasted 00:13:02 (4136 turns).

Hasart the Chiller (Vampire Ice Elementalist)       Turns: 4136, Time: 00:13:03

Health: 0/41       AC:  5    Str:  7    XL:     6   Next: 81%
Magic:  7/11       EV: 14    Int: 20    God:
Gold:   171        SH:  0    Dex: 14    Spells: 7/12 levels left

rFire    . . .     SeeInvis +   t - staff of air
rCold    . . .     Gourm    .   (no shield)
rNeg     . . .     Faith    .   a - +0 robe
rPois    .         Spirit   .   (no helmet)
rElec    +         Reflect  .   (no cloak)
rCorr    .         Harm     .   r - +2 pair of gloves
MR       .....                  (no boots)
Stlth    ++........             (no amulet)
HPRegen  0.33/turn              (no ring)
MPRegen  0.12/turn              (no ring)

@: regenerating quickly
A: no food, fangs 3, see invisible, unbreathing
a: Exsanguinate


You were on level 3 of the Dungeon.
You were alive.

You visited 1 branch of the dungeon, and saw 4 of its levels.

You collected 171 gold pieces.

Inventory:

Armour
 a - a +0 robe (worn)
 r - a +2 pair of gloves (worn)
Magical Staves
 t - an uncursed staff of air (weapon)
Wands
 u - a wand of random effects (18)
Scrolls
 d - 2 scrolls of magic mapping
 e - a scroll of noise {unknown}
 g - a scroll of immolation
 i - 2 scrolls of enchant armour {unknown}
 j - 5 scrolls of remove curse {unknown}
 k - a scroll of enchant weapon {unknown}
 l - a scroll of identify {unknown}
 o - a scroll of teleportation {unknown}
 p - a scroll of random uselessness {unknown}
 s - a scroll of fear {unknown}
Potions
 b - a potion of brilliance {unknown}
 c - 3 potions of curing {unknown}
 f - a potion of mutation {unknown}
 h - 2 potions of haste {unknown}
 m - 3 potions of magic {unknown}
 n - a potion of ambrosia {unknown}
 q - a potion of flight {unknown}


   Skills:
 + Level 4.2 Dodging
 - Level 3.0 Stealth
 + Level 3.5 Spellcasting
 * Level 2.7 Conjurations
 + Level 4.9 Ice Magic


You had 7 spell levels left.
You knew the following spells:

 Your Spells              Type           Power        Failure   Level  Hunger
a - Freeze                Ice            ###.         1%          1    N/A
b - Throw Icicle          Conj/Ice       ###.....     28%         4    N/A

Your spell library contained the following spells:

 Spells                   Type           Power        Failure   Level  Hunger
 Throw Frost              Conj/Ice       ###...       4%          2    N/A
 Ozocubu's Armour         Chrm/Ice       ##......     14%         3    N/A
 Summon Ice Beast         Ice/Summ       ##......     43%         4    N/A

Dungeon Overview and Level Annotations

Branches:
Dungeon (4/15)
 Temple: D:4-7

Altars:
Ashenzari
Fedhas
Ru
Xom

Annotations:
D:3 Duvessa


Innate Abilities, Weirdness & Mutations

You do not eat.
Your natural rate of healing is unusually fast.
You have razor-sharp teeth.
You have supernaturally acute eyesight. (SInv)
You can survive without breathing.


Message History

You freeze Duvessa.
Duvessa is lightly wounded.
Duvessa misses you. The gnoll hits you.
Duvessa hits you with a +1 short sword of freezing!
Duvessa freezes you.
As you read the scroll labeled REEHUTT QAORU, it crumbles to dust.
You feel momentarily disoriented.
It was a scroll of magic mapping.
Duvessa misses you. The gnoll hits you.
As you read the scroll labeled WAITSE MUMPE, it crumbles to dust.
The creatures around you are filled with an inner flame!
It was a scroll of immolation.
Duvessa barely misses you. The gnoll misses you.
Duvessa hits you with a +1 short sword of freezing.
Duvessa freezes you.
* * * LOW HITPOINT WARNING * * *
Duvessa hits you with a +1 short sword of freezing.
* * * LOW HITPOINT WARNING * * *
Duvessa freezes you.
* * * LOW HITPOINT WARNING * * *
Duvessa hits you with a +1 short sword of freezing!
You die...

###############.##
#.......%........#
#.###.#.##.###...##
#.....#.##.##.....#########
#.......##.###............#
#.....#.##.# ##.#########.#
#.#.#.#.##.# #.# #.#####
#.......##.# #.# #.....#
#####......# ##@## #####.# ##
##.#######.eg## #.# .## ##.#
##.....## ### #.# ..####..#
##.......## ##.###.#
...##...####........>####...##.#
...#.......'........[[.......#.#
...#.....###.........####...##.##
..###....# ##.......## #.........
.## #.#..# ##.....## #.#####.#.


You could see Duvessa (berserk) and a gnoll (inner flame).

Vanquished Creatures
  3 scorpions
  Dowan (D:4)
  An orc priest (D:4)
  A worker ant (D:3)
  2 orc wizards (D:3)
  A gnoll (D:3)
  3 adders (D:3)
  3 oozes
  An adder skeleton (D:4)
  6 worms
  3 dart slugs
  3 leopard geckos
  9 orcs (D:3)
  3 ball pythons
  9 bats
  7 goblins
  8 hobgoblins
  6 jackals
  A quokka (D:2)
  4 frilled lizards
  11 kobolds
  5 rats
91 creatures vanquished.

Vanquished Creatures (others)
  A goblin (D:1)
1 creature vanquished.

Grand Total: 92 creatures vanquished

Notes
Turn   | Place    | Note
-------+----------+-------------------------------------------
     0 | D:1      | Hasart the Vampire Ice Elementalist began the quest for the
                  | Orb.
     0 | D:1      | Reached XP level 1. HP: 13/13 MP: 3/3
   179 | D:1      | Reached XP level 2. HP: 19/19 MP: 0/5
   660 | D:1      | Reached XP level 3. HP: 24/24 MP: 6/6
  1285 | D:2      | Found a blossoming altar of Fedhas.
  1971 | D:2      | Reached XP level 4. HP: 29/30 MP: 7/7
  2152 | D:3      | Learned a level 4 spell: Throw Icicle
  2479 | D:3      | Found a shattered altar of Ashenzari.
  2479 | D:3      | Found a shimmering altar of Xom.
  2512 | D:3      | Reached skill level 1 in Conjurations
  2563 | D:3      | Found a sacrificial altar of Ru.
  2922 | D:3      | Reached XP level 5. HP: 34/35 MP: 0/9
  3449 | D:4      | Noticed a phantom
  3691 | D:3      | Reached XP level 6. HP: 18/41 MP: 4/10
  3948 | D:4      | Noticed Dowan
  4001 | D:4      | Noticed Duvessa
  4064 | D:4      | Killed Dowan
  4136 | D:3      | Slain by Duvessa

Levels and vault maps discovered:
D:1:      noname_arrival_rooms_in_the_neighbourhood, layout_basic
D:2:      layout_loops_ring, nicolae_overflow_crystal_walls
D:3:      layout_loops_corners, lemuel_round_altar,
          gammafunk_temple_overflow_statue, first_ration
D:4:      layout_rooms, led_sif_pool, uniq_duvessa

Skill      XL: |  1  2  3  4  5  6 |
---------------+-------------------+-----
Dodging        | 3 4 |  4.2
Ice Magic      | 4 |  4.9
Conjurations   | 1 2 |  2.7
Spellcasting   | 3 |  3.5
Stealth        | |  3.0

Action                   |  1- 3 |  4- 6 || total
-------------------------+-------+-------++-------
Melee: Unarmed           |     6 |       ||     6
       Dagger            |    51 |    29 ||    80
       Bite              |     2 |     5 ||     7
       Staff             |       |    13 ||    13
 Cast: Freeze            |    61 |   102 ||   163
  Use: Scroll            |       |     2 ||     2
 Stab: Sleeping          |     5 |     3 ||     8
Armor: Robe              |     6 |    41 ||    47
Dodge: Dodged            |    67 |   110 ||   177
